% Time on Ice - WINNIPEG BEAVERS
Lines # - Real PCT - Wanted PCT - Time Play
Normal Forward
1 - 32% - 34% - 14:08
2 - 29% - 32% - 12:47
3 - 26% - 27% - 11:26
4 - 12% - 7% - 5:19
Normal Defense
1 - 32% - 34% - 13:56
2 - 32% - 33% - 14:07
3 - 31% - 25% - 13:26
4 - 5% - 8% - 2:11
PP Forward
1 - 51% - 53% - 6:09
2 - 49% - 47% - 5:56
PP Defense
1 - 52% - 53% - 6:19
2 - 48% - 47% - 5:46
PK Forward
1 - 61% - 51% - 2:36
2 - 39% - 49% - 1:39
PK Defense
1 - 40% - 52% - 1:43
2 - 60% - 48% - 2:32
PK3 Forward
1 - 0% - 50%
2 - 0% - 50%
PK3 Defense
1 - 0% - 51%
2 - 0% - 49%
44 Forward
1 - 0% - 50%
2 - 0% - 50%
44 Defense
1 - 0% - 52%
2 - 0% - 48%
Last Minute Offensive  - 0:00
Last Minute Defensive  - 0:00
Total
Forward - 60:00
Defense - 60:00
% Time on Ice - LAS VEGAS LIZARD KINGS
Lines # - Real PCT - Wanted PCT - Time Play
Normal Forward
1 - 39% - 40% - 17:13
2 - 30% - 30% - 13:16
3 - 19% - 20% - 8:20
4 - 11% - 10% - 4:51
Normal Defense
1 - 46% - 45% - 19:53
2 - 32% - 35% - 13:49
3 - 21% - 20% - 9:20
4 - 1% - 0% - 0:38
PP Forward
1 - 64% - 75% - 2:43
2 - 36% - 25% - 1:32
PP Defense
1 - 57% - 75% - 2:26
2 - 43% - 25% - 1:49
PK Forward
1 - 69% - 60% - 8:23
2 - 31% - 40% - 3:42
PK Defense
1 - 38% - 55% - 4:36
2 - 62% - 45% - 7:29
PK3 Forward
1 - 0% - 55%
2 - 0% - 45%
PK3 Defense
1 - 0% - 55%
2 - 0% - 45%
44 Forward
1 - 0% - 55%
2 - 0% - 45%
44 Defense
1 - 0% - 55%
2 - 0% - 45%
Last Minute Offensive  - 0:00
Last Minute Defensive  - 0:00
Total
Forward - 60:00
Defense - 60:00
Play-by-Play 1st period 0:01 of 1st period - Ryan Nugent-Hopkins wins face-off versus Mika Zibanejad in neutral zone. 0:10 of 1st period - Mika Zibanejad is hit by Brayden McNabb and loses puck. 0:38 of 1st period - Joe Pavelski is hit by Brayden McNabb and loses puck. 0:55 of 1st period - Kris Russell is hit by Ryan Nugent-Hopkins and loses puck. 1:47 of 1st period - Shot by Sean Kuraly. 1:47 of 1st period - Shot Blocked by Ryan Nugent-Hopkins. 1:48 of 1st period - Minor Penalty to Brayden McNabb for Boarding. 1:49 of 1st period - Joe Pavelski wins face-off versus Barclay Goodrow in LAS VEGAS LIZARD KINGS zone. 2:58 of 1st period - Shot by Mika Zibanejad. 2:58 of 1st period - Shot Misses the Net. 3:02 of 1st period - Shot by Alexander Radulov. 3:02 of 1st period - Stopped by Marc-Andre Fleury with a rebound. 3:10 of 1st period - Shot by Brad Marchand. 3:10 of 1st period - Shot Blocked by Olli Maatta. 3:34 of 1st period - Shot by Joel Armia. 3:34 of 1st period - Stopped by Marc-Andre Fleury with a rebound. 3:36 of 1st period - Shot by Brandon Tanev. 3:36 of 1st period - Shot Blocked by Korbinian Holzer. 3:42 of 1st period - Shot by Joel Armia. 3:42 of 1st period - Stopped by Marc-Andre Fleury without a rebound. 3:43 of 1st period - David Krejci wins face-off versus Derek Ryan in LAS VEGAS LIZARD KINGS zone. 3:58 of 1st period - Shot by Bobby Ryan. 3:58 of 1st period - Deflect By Jeff Skinner. 3:58 of 1st period - Shot Misses the Net. 4:04 of 1st period - Dylan DeMelo is hit by Bobby Ryan and loses puck. 4:42 of 1st period - Icing by Dylan DeMelo. 4:43 of 1st period - Sean Monahan wins face-off versus Steven Lorentz in WINNIPEG BEAVERS zone. 4:46 of 1st period - Shot by Sean Monahan. 4:46 of 1st period - Shot Blocked by Steven Lorentz. 4:51 of 1st period - Off-side. 4:52 of 1st period - Ryan Nugent-Hopkins wins face-off versus Sean Kuraly in neutral zone. 4:52 of 1st period - Johnny Gaudreau is hit by Brandon Tanev and loses puck. 4:56 of 1st period - Off-side. 4:57 of 1st period - Sean Kuraly wins face-off versus Sean Monahan in neutral zone. 5:32 of 1st period - Shot by Barclay Goodrow. 5:32 of 1st period - Shot Misses the Net. 6:17 of 1st period - Icing by Ian Cole. 6:18 of 1st period - Sean Kuraly wins face-off versus Derek Ryan in WINNIPEG BEAVERS zone. 6:18 of 1st period - Sean Kuraly is hit by Bobby Ryan. 7:51 of 1st period - Shot by Barclay Goodrow. 7:51 of 1st period - Shot Misses the Net. 7:53 of 1st period - Shot by Barclay Goodrow. 7:53 of 1st period - Stopped by Sergei Bobrovsky without a rebound. 7:54 of 1st period - Steven Lorentz wins face-off versus Ryan Nugent-Hopkins in WINNIPEG BEAVERS zone. 7:54 of 1st period - Minor Penalty to Johnny Gaudreau for Tripping. 7:55 of 1st period - Barclay Goodrow wins face-off versus David Krejci in LAS VEGAS LIZARD KINGS zone. 8:06 of 1st period - Shot by Mika Zibanejad. 8:06 of 1st period - Shot Misses the Net. 10:32 of 1st period - Shot by Michael Raffl. 10:32 of 1st period - Stopped by Marc-Andre Fleury without a rebound. 10:33 of 1st period - Sean Kuraly wins face-off versus Sean Monahan in LAS VEGAS LIZARD KINGS zone. 10:35 of 1st period - Minor Penalty to Olli Maatta for Holding Stick. 10:36 of 1st period - Derek Ryan wins face-off versus Joe Pavelski in LAS VEGAS LIZARD KINGS zone. 11:48 of 1st period - Shot by Alexander Radulov. 11:48 of 1st period - Shot Misses the Net. 11:50 of 1st period - Shot by Mika Zibanejad. 11:50 of 1st period - Deflect By David Krejci. 11:50 of 1st period - Shot Misses the Net. 11:52 of 1st period - Shot by Mika Zibanejad. 11:52 of 1st period - Goal by Mika Zibanejad - WINNIPEG BEAVERS : 1 - LAS VEGAS LIZARD KINGS : 0. 11:53 of 1st period - Ryan Nugent-Hopkins wins face-off versus Steven Lorentz in neutral zone. 12:05 of 1st period - Dylan DeMelo is hit by Ryan Nugent-Hopkins and loses puck. 12:49 of 1st period - Shot by Nino Niederreiter. 12:49 of 1st period - Stopped by Sergei Bobrovsky without a rebound. 12:50 of 1st period - Zemgus Girgensons wins face-off versus David Krejci in WINNIPEG BEAVERS zone. 13:54 of 1st period - Shot by Brad Marchand. 13:54 of 1st period - Shot Misses the Net. 14:00 of 1st period - Shot by Mika Zibanejad. 14:00 of 1st period - Shot Misses the Net. 14:24 of 1st period - Shot by Mika Zibanejad. 14:24 of 1st period - Stopped by Marc-Andre Fleury without a rebound. 14:25 of 1st period - Sean Monahan wins face-off versus Sean Kuraly in LAS VEGAS LIZARD KINGS zone. 14:30 of 1st period - Shot by Barclay Goodrow. 14:30 of 1st period - Stopped by Sergei Bobrovsky without a rebound. 14:31 of 1st period - Sean Monahan wins face-off versus Sean Kuraly in WINNIPEG BEAVERS zone. 14:31 of 1st period - Sean Monahan is hit by Dylan DeMelo. 14:33 of 1st period - Shot by Barclay Goodrow. 14:33 of 1st period - Stopped by Sergei Bobrovsky without a rebound. 14:34 of 1st period - Sean Monahan wins face-off versus David Krejci in WINNIPEG BEAVERS zone. 15:39 of 1st period - Shot by Ryan Nugent-Hopkins. 15:39 of 1st period - Shot Misses the Net. 15:41 of 1st period - Shot by Ryan Nugent-Hopkins. 15:41 of 1st period - Shot Blocked by Kris Russell. 15:56 of 1st period - Icing by Anthony DeAngelo. 15:57 of 1st period - Mika Zibanejad wins face-off versus Bobby Ryan in WINNIPEG BEAVERS zone. 16:58 of 1st period - Minor Penalty to Ryan Nugent-Hopkins for Charging. 16:59 of 1st period - Barclay Goodrow wins face-off versus David Krejci in LAS VEGAS LIZARD KINGS zone. 17:08 of 1st period - Shot by Brad Marchand. 17:08 of 1st period - Stopped by Marc-Andre Fleury without a rebound. 17:09 of 1st period - Barclay Goodrow wins face-off versus Joe Pavelski in LAS VEGAS LIZARD KINGS zone. 17:17 of 1st period - Off-side. 17:18 of 1st period - Barclay Goodrow wins face-off versus Alexander Radulov in neutral zone. 17:41 of 1st period - Shot by Alexander Radulov. 17:41 of 1st period - Stopped by Marc-Andre Fleury with a rebound. 17:51 of 1st period - Shot by Brad Marchand. 17:51 of 1st period - Goal by Brad Marchand - WINNIPEG BEAVERS : 2 - LAS VEGAS LIZARD KINGS : 0. 17:52 of 1st period - Sean Kuraly wins face-off versus Ryan Nugent-Hopkins in neutral zone. 18:44 of 1st period - David Krejci is hit by Johnny Gaudreau and loses puck. 19:03 of 1st period - Shot by Sean Monahan. 19:03 of 1st period - Stopped by Sergei Bobrovsky without a rebound. 19:04 of 1st period - Mika Zibanejad wins face-off versus Derek Ryan in WINNIPEG BEAVERS zone. Goals for this period are 2 for WINNIPEG BEAVERS vs 0 for LAS VEGAS LIZARD KINGS. Shots for this period are 9 for WINNIPEG BEAVERS vs 5 for LAS VEGAS LIZARD KINGS. 2nd period 0:01 of 2nd period - David Krejci wins face-off versus Nino Niederreiter in neutral zone. 0:01 of 2nd period - Alexander Radulov is hit by Barclay Goodrow and loses puck. 0:06 of 2nd period - Matt Roy is hit by Ondrej Palat. 1:14 of 2nd period - Shot by Mika Zibanejad. 1:14 of 2nd period - Stopped by Marc-Andre Fleury without a rebound. 1:15 of 2nd period - Sean Kuraly wins face-off versus Ryan Nugent-Hopkins in LAS VEGAS LIZARD KINGS zone. 2:22 of 2nd period - Shot by Joe Pavelski. 2:22 of 2nd period - Shot Misses the Net. 3:07 of 2nd period - Ondrej Palat is hit by Jeff Skinner and loses puck. 3:11 of 2nd period - Off-side. 3:12 of 2nd period - Steven Lorentz wins face-off versus Sean Monahan in neutral zone. 3:12 of 2nd period - Steven Lorentz is hit by Barclay Goodrow. 3:22 of 2nd period - Shot by Steven Lorentz. 3:22 of 2nd period - Stopped by Marc-Andre Fleury with a rebound. 3:24 of 2nd period - Shot by Steven Lorentz. 3:24 of 2nd period - Shot Misses the Net. 3:25 of 2nd period - Minor Penalty to Matt Roy for Hooking. 3:26 of 2nd period - David Krejci wins face-off versus Barclay Goodrow in LAS VEGAS LIZARD KINGS zone. 3:43 of 2nd period - Shot by Mika Zibanejad. 3:43 of 2nd period - Shot Misses the Net. 3:45 of 2nd period - Shot by Brad Marchand. 3:45 of 2nd period - Shot Misses the Net. 3:47 of 2nd period - Shot by Mika Zibanejad. 3:47 of 2nd period - Stopped by Marc-Andre Fleury with a rebound. 5:44 of 2nd period - Shot by Ryan Nugent-Hopkins. 5:44 of 2nd period - Shot Blocked by Dylan DeMelo. 5:48 of 2nd period - Shot by Victor Olofsson. 5:48 of 2nd period - Stopped by Sergei Bobrovsky with a rebound. 5:54 of 2nd period - Shot by Victor Olofsson. 5:54 of 2nd period - Stopped by Sergei Bobrovsky without a rebound. 5:55 of 2nd period - Mika Zibanejad wins face-off versus Derek Ryan in WINNIPEG BEAVERS zone. 6:22 of 2nd period - Shot by Derek Ryan. 6:22 of 2nd period - Stopped by Sergei Bobrovsky with a rebound. 6:40 of 2nd period - Shot by Mika Zibanejad. 6:40 of 2nd period - Shot Misses the Net. 7:13 of 2nd period - Bobby Ryan is hit by Steven Lorentz and loses puck. 7:35 of 2nd period - Minor Penalty to Steven Lorentz for Tripping. 7:36 of 2nd period - Sean Monahan wins face-off versus Joe Pavelski in WINNIPEG BEAVERS zone. 7:50 of 2nd period - Shot by Ryan Nugent-Hopkins. 7:50 of 2nd period - Stopped by Sergei Bobrovsky with a rebound. 7:52 of 2nd period - Shot by Matt Roy. 7:52 of 2nd period - Goal by Matt Roy - WINNIPEG BEAVERS : 2 - LAS VEGAS LIZARD KINGS : 1. 7:53 of 2nd period - Sean Kuraly wins face-off versus Zemgus Girgensons in neutral zone. 7:53 of 2nd period - Ian Cole is hit by Drake Caggiula and loses puck. 7:57 of 2nd period - Off-side. 7:58 of 2nd period - Sean Monahan wins face-off versus Sean Kuraly in neutral zone. 8:11 of 2nd period - Shot by Joel Armia. 8:11 of 2nd period - Stopped by Marc-Andre Fleury without a rebound. 8:12 of 2nd